 Dungeon Crawl Stone Soup version 0.28.0-49-g6dfe1f597d (webtiles) character file.

Game seed: 14488755975460136033

203 nickcage the Cudgeller (level 5, -9/45 HPs)
             Began as a Minotaur Abyssal Knight on May 17, 2022.
             Was a Believer of Lugonu.
             Mangled by Terence
             ... wielding a +0 morningstar
              (14 damage)
             ... on level 3 of the Dungeon.
             The game lasted 00:04:09 (2476 turns).

nickcage the Cudgeller (Minotaur Abyssal Knight)    Turns: 2476, Time: 00:04:09

Health: -9/45      AC:  4    Str: 19    XL:     5   Next: 51%
Magic:  5/5        EV: 11    Int:  7    God:    Lugonu [**....]
Gold:   75         SH:  0    Dex: 11    Spells: 4/4 levels left

rFire   . . .      SeeInvis .   g - +1 mace (vorpal)
rCold   . . .      Faith    .   (no shield)
rNeg    . . .      Spirit   .   b - +0 leather armour
rPois   .          Reflect  .   (helmet restricted)
rElec   .          Harm     .   j - +0 cloak
rCorr   .          Rampage  .   (no gloves)
Will    .....                   (no boots)
Stlth   +.........              (no amulet)
HPRegen 0.15/turn               (no ring)
MPRegen 0.09/turn               (no ring)

@: no status effects
A: horns 2, retaliatory headbutt
a: Renounce Religion, Depart the Abyss, Bend Space


You were on level 3 of the Dungeon.
You worshipped Lugonu.
Lugonu was pleased with you.
You visited 1 branch of the dungeon, and saw 3 of its levels.
You visited the Abyss 1 time.

You collected 75 gold pieces.

Inventory:

Hand Weapons
 a - a +1 mace
 g - a +1 vorpal mace (weapon)
Armour
 b - a +0 leather armour (worn)
 j - a +0 cloak (worn)
Scrolls
 f - 2 scrolls of identify {unknown}
Potions
 c - a potion of brilliance {unknown}
 d - 2 potions of invisibility {unknown}
 e - 2 potions of lignification {unknown}
 h - a potion of heal wounds {unknown}
 i - a potion of curing


   Skills:
 - Level 3.6 Fighting
 + Level 7.1 Maces & Flails
 - Level 2.4 Armour
 - Level 1.1 Dodging
 - Level 1.7 Invocations


You had 4 spell levels left.
You didn't know any spells.
Your spell library contained the following spells:

 Spells                   Type           Power      Damage    Failure   Level
 Animate Skeleton         Necr           0%         N/A       50%         1
 Apportation              Tloc           0%         N/A       50%         1
 Sting                    Tmut/Pois      0%         1d3       50%         1
 Summon Small Mammal      Summ           0%         N/A       50%         1
 Poisonous Vapours        Pois/Air       0%         N/A       63%         2
 Olgreb's Toxic Radiance  Pois           0%         N/A       99%         4


Dungeon Overview and Level Annotations

Branches:
Dungeon (3/15)

Altars:

Annotations:
D:3 Terence


Innate Abilities, Weirdness & Mutations

You have a pair of horns on your head.
You reflexively headbutt those who attack you in melee.


Message History

The centaur kicks you but does no damage.
You barely miss the centaur.
The centaur is severely wounded.
The centaur barely misses you. You furiously retaliate!
You headbutt the centaur. The centaur barely misses you.
You hit the centaur.
You kill the centaur!
Lugonu accepts your kill.
Your Maces & Flails skill increases to level 7!
You have reached level 5!
You start resting.
Terence the Incautious comes into view.
He is wielding a +0 morningstar and wearing a +1 scale mail of cold resistance.
Terence shouts!
A ball python comes into view.
Terence asks, "Do you want it fast or slow?"
There is a stone staircase leading up here.
You climb upwards.
There is a stone staircase leading down here.
You start resting.
HP restored.
You climb downwards.
Level annotation: Terence Terence drinks a potion.
Terence seems to grow stronger.
There is a stone staircase leading up here.
Terence hits you but does no damage.
You hit Terence but do no damage. Terence hits you with a +0 morningstar!
You closely miss Terence. Your headbutt misses Terence.
Terence hits you with a +0 morningstar!
You hit Terence. You headbutt Terence.
Terence is heavily wounded.
Terence hits you with a +0 morningstar! x2
* * * LOW HITPOINT WARNING * * *
You hit Terence but do no damage.
Terence is heavily wounded.
Terence barely misses you.
There is a stone staircase leading up here.
You hit Terence but do no damage.
Terence is heavily wounded.
Terence hits you with a +0 morningstar!
You die...

###
############.######
......[..........>#
#########.#....##.#
###.......##.####
#@@.............#
###..#..#.#.###.#
#..#..#.#.###.#
#..#..#.#.....#
#..#..#.#..####
#..........#
#..#..#.##.#
#..#.......#
#...@...##.#


You could see Terence (strong).

Vanquished Creatures
  A centaur (D:3)
  Crazy Yiuf (D:2)
  Jessica (D:2)
  A gnoll (D:2)
  A worm (D:2)
  An orc (D:2)
  5 ball pythons
  6 endoplasms
  A goblin (D:2)
  7 hobgoblins
  4 jackals (D:1)
  3 quokkas (D:1)
  6 bats
  4 frilled lizards
  4 kobolds (D:1)
  7 rats
53 creatures vanquished.

Vanquished Creatures (others)
  A fungus (D:2)
1 creature vanquished.

Grand Total: 54 creatures vanquished

Notes
Turn   | Place    | Note
-------+----------+-------------------------------------------
     0 | Abyss:1  | nickcage the Minotaur Abyssal Knight began the quest for
                  | the Orb.
     0 | Abyss:1  | Reached XP level 1. HP: 19/19 MP: 1/1
    25 | Abyss:1  | Noticed a large abomination
    26 | D:1      | Escaped the Abyss
   140 | D:1      | Reached skill level 3 in Maces & Flails
   148 | D:1      | Reached * piety under Lugonu
   150 | D:1      | Reached XP level 2. HP: 17/26 MP: 2/2
   743 | D:1      | Reached skill level 4 in Maces & Flails
   983 | D:1      | Reached XP level 3. HP: 31/31 MP: 3/3
  1407 | D:2      | Noticed Jessica
  1418 | D:2      | Killed Jessica
  1419 | D:2      | Reached skill level 5 in Maces & Flails
  1572 | D:2      | Reached XP level 4. HP: 36/39 MP: 4/4
  1761 | D:2      | Reached ** piety under Lugonu
  2191 | D:2      | Found a runed translucent door.
  2192 | D:2      | Noticed Crazy Yiuf
  2197 | D:2      | Killed Crazy Yiuf
  2198 | D:2      | Reached skill level 6 in Maces & Flails
  2292 | D:3      | Noticed a centaur
  2305 | D:3      | Killed a centaur
  2306 | D:3      | Reached skill level 7 in Maces & Flails
  2306 | D:3      | Reached XP level 5. HP: 20/45 MP: 5/5
  2318 | D:3      | Noticed Terence
  2476 | D:3      | Mangled by Terence

Illustrated notes

Levels and vault maps discovered:
D:1:      dpeg_arrival_central, layout_basic, nicolae_figureground_sparkle
D:2:      layout_basic, serial_glass, glass_columns_a, glass_columns_a,
          item_on_display_a, due_unseen_surprise, minmay_strange_pillars,
          minmay_indecisive_spiral, uniq_jessica, uniq_crazy_yiuf_cottage
D:3:      layout_basic, nicolae_wormholes, uniq_terence

Skill      XL: |  1  2  3  4 |
---------------+-------------+-----
Maces & Flails | 3 4 5 7 |  7.1
Fighting       | |  3.6
Armour         | |  2.4
Dodging        | |  1.1
Invocations    | |  1.7

Action                   |  1- 3 |  4- 6 || total
-------------------------+-------+-------++-------
Melee: Mace              |    57 |    41 ||    98
       Headbutt          |     9 |     8 ||    17
       Punch             |     2 |     1 ||     3
Invok: Depart the Abyss  |     1 |       ||     1
Armor: Leather armour    |    13 |     6 ||    19
Dodge: Dodged            |    34 |    21 ||    55
